 Dungeon Crawl Stone Soup version 0.20-a0-9-g62d82d9 (webtiles) character file.

351 GlassEater the Shooter (level 6, -3/52 HPs)
             Began as a Centaur Hunter on Nov 1, 2016.
             Slain by koshka's ghost (8 damage)
             ... on level 4 of the Dungeon.
             The game lasted 00:09:20 (2773 turns).

GlassEater the Shooter (Centaur Hunter)             Turns: 2773, Time: 00:09:20

Health: -3/52      AC: 11    Str: 16    XL:     6   Next: 34%
Magic:  6/6        EV:  5    Int: 10    God:
Gold:   88         SH:  0    Dex: 10    Spells: 0 memorised, 5 levels left

rFire  . . .     SeeInvis .     b - +0 short sword
rCold  . . .     Gourm    .     g - +0 chain mail
rNeg   . . .     Faith    .     (no shield)
rPois  .         Spirit   .     k - +0 helmet
rElec  .         Reflect  .     t - +2 cloak
rCorr  .         Harm     .     (no gloves)
MR     .....                    (no barding)
Stlth  ..........               (no amulet)
                                (no ring)
                                (no ring)

@: very quick
A: hooves 3, deformed body, speed 2, tough skin 3
a: no special abilities


You were on level 4 of the Dungeon.
You were hungry.

You visited 1 branch of the dungeon, and saw 4 of its levels.

You collected 88 gold pieces.

Inventory:

Hand Weapons
 a - a +1 shortbow
 b - a +0 short sword (weapon)
Armour
 g - a +0 chain mail (worn)
 k - a +0 helmet (worn)
 t - a +2 cloak (worn)
Wands
 v - a wand of flame (26/48)
 y - a wand of digging (11/24)
Scrolls
 e - a scroll of identify
 j - 2 scrolls of magic mapping
 n - a scroll of fear {unknown}
 q - a scroll of noise {unknown}
 r - a scroll of teleportation {unknown}
 s - a scroll of enchant weapon {unknown}
 x - a scroll of enchant armour
Potions
 c - a potion of brilliance {unknown}
 h - 2 potions of heal wounds
 i - 3 potions of curing
 m - a potion of haste {unknown}
 w - a potion of cancellation
Comestibles
 f - a bread ration
 l - a meat ration
 o - 3 fruits
 p - a beef jerky
 u - 4 chunks of flesh


   Skills:
 + Level 3.7 Fighting
 + Level 6.8 Bows
 + Level 2.1 Armour
 + Level 2.8 Dodging
 - Level 0.4 Stealth


You had 5 spell levels left.
You didn't know any spells.

Dungeon Overview and Level Annotations

Branches:
Dungeon (4/15)
 Temple: D:4-7

Altars:
Cheibriados
Elyvilon
Gozag
Makhleb
Ru
Sif Muna
Trog
Xom

Annotations:
D:4 koshka's ghost, amateur DsAK


Innate Abilities, Weirdness & Mutations

You have hooves in place of feet.
Armour fits poorly on your strangely shaped body.
You cover ground very quickly.
You have extremely tough skin. (AC +3)


Message History

You kick koshka's ghost, but do no damage.
Koshka's ghost is heavily damaged.
Koshka's ghost hits you but does no damage. x2
You hit koshka's ghost.
You kick koshka's ghost, but do no damage.
Koshka's ghost is severely damaged.
Koshka's ghost hits you but does no damage.
You hit koshka's ghost.
Koshka's ghost is severely damaged.
Koshka's ghost hits you.
* * * LOW HITPOINT WARNING * * *
You hit koshka's ghost but do no damage.
You kick koshka's ghost, but do no damage.
Koshka's ghost is severely damaged.
Koshka's ghost hits you.
* * * LOW HITPOINT WARNING * * *
You hit koshka's ghost. Your kick misses koshka's ghost.
Koshka's ghost is severely damaged.
Koshka's ghost hits you!
You die...

#. #..# #.
##########..#
#>#####.##.)())..(..(#
#......#.>.#######..##
#.#### #.## ###.###
#.# #.....# #.#
#.###.########.# #.
#..(..W@...# #
#<########## #.....#
#######


You could see koshka's ghost.

Vanquished Creatures
  Sigmund (D:3)
  A bullfrog (D:3)
  An orc wizard (D:4)
  3 adders (D:2)
  An ooze (D:3)
  2 worms (D:3)
  A dart slug (D:3)
  3 leopard geckos
  7 orcs
  A ball python (D:1)
  3 bats
  3 giant cockroaches
  4 goblins
  7 hobgoblins
  3 jackals (D:1)
  5 kobolds
  3 rats
49 creatures vanquished.

Notes
Turn   | Place    | Note
-------+----------+-------------------------------------------
     0 | D:1      | GlassEater the Centaur Hunter began the quest for the Orb.
     0 | D:1      | Reached XP level 1. HP: 17/17 MP: 1/1
   127 | D:1      | Reached XP level 2. HP: 24/24 MP: 2/2
  1231 | D:2      | Reached XP level 3. HP: 30/30 MP: 3/3
  1290 | D:2      | Reached skill level 1 in Armour
  1885 | D:3      | Noticed Sigmund
  1893 | D:3      | Killed Sigmund
  1893 | D:3      | Reached skill level 6 in Bows
  1893 | D:3      | Reached XP level 4. HP: 25/38 MP: 4/4
  1893 | D:3      | Reached XP level 5. HP: 30/45 MP: 5/5
  2086 | D:3      | Found a snail-covered altar of Cheibriados.
  2136 | D:3      | Reached XP level 6. HP: 41/52 MP: 6/6
  2245 | D:3      | Found a bloodstained altar of Trog.
  2580 | D:3      | Found a white marble altar of Elyvilon.
  2580 | D:3      | Found a shimmering altar of Xom.
  2580 | D:3      | Found a sacrificial altar of Ru.
  2580 | D:3      | Found a burning altar of Makhleb.
  2587 | D:3      | Found a deep blue altar of Sif Muna.
  2587 | D:3      | Found an opulent altar of Gozag.
  2705 | D:4      | Noticed koshka's ghost (amateur DsAK)
  2773 | D:4      | Slain by koshka's ghost

Vault maps used:
D:1:      dpeg_arrival_erosion, serial_glass, glass_columns_a, glass_columns_b,
          columned_hall_lemuel, hangedman_decor_points, minmay_cupped
D:2:      minmay_misc_feat_nine_boxes, minmay_distorted
D:3:      minmay_overflow_temple_hex, kennysheep_slug_shrine,
          kennysheep_doodads, trog_book, uniq_sigmund
D:4:      kennysheep_generic_room_9

Skill      XL: |  1  2  3  4  5 |
---------------+----------------+-----
Armour         | 1 2 |  2.1
Fighting       | 3 |  3.7
Bows           | 6 |  6.8
Dodging        | 2 |  2.8
Stealth        | |  0.4

Action                   |  1- 3 |  4- 6 || total
-------------------------+-------+-------++-------
Melee: Short sword       |       |    31 ||    31
       Kick              |       |    16 ||    16
 Fire: Shortbow          |   116 |    61 ||   177
  Use: Scroll            |       |     7 ||     7
  Eat: Chunk             |     1 |     2 ||     3
Armor: Leather armour    |    19 |       ||    19
       Chain mail        |     3 |    31 ||    34
Dodge: Dodged            |    18 |     6 ||    24
